 Dungeon Crawl Stone Soup version 0.32-a0-350-g4f4d228785 (webtiles) character file.

Game seed: 5670100176715709183

1877173 CougarLife the Metallomancer (level 27, 188/188 HPs)
             Began as a Gargoyle Earth Elementalist on Feb 15, 2024.
             Was the Champion of Vehumet.
             Escaped with the Orb
             ... and 4 runes on Feb 18, 2024!
             The game lasted 06:13:31 (106390 turns).

CougarLife the Metallomancer (GrEE)               Turns: 106390, Time: 06:13:32

Health: 188/188    AC: 52    Str: 19    XL:     27
Magic:  66/66      EV: 13    Int: 29    God:    Vehumet [******]
Gold:   1867       SH:  0    Dex: 12    Spells: 11/69 levels left

rFire   + + +        Z - staff of Zofrapsy {rF+ MP+9 Fire Alchemy}
rCold   + . .        (no shield)
rNeg    + + .        V - +6 acid dragon scales
rPois   ∞            J - +2 hat {SInv}
rElec   +            K - +2 cloak
rCorr   +            I - +2 pair of gloves
SInv    +            X - +3 pair of boots "Waihar" {Stlth+}
Will    +++..        q - amulet "Qawon" {RegenMP rElec rF+ Dex+2}
Stlth   +            f - ring "Vazxir" {rPois rC+ rN+ MP+9 Int+3}
HPRegen 0.51/turn    p - ring "Kirovv Qups" {rPois rF+ Will+ Str+5}
MPRegen 0.80/turn

%: no passive effects
@: flying
A: sickness immunity, AC +20, big wings, negative energy resistance 1,
electricity resistance, torment resistance 1, petrification resistance, dopey 1
0: Orb of Zot
}: 4/15 runes: serpentine, barnacled, slimy, silver
a: Renounce Religion


You escaped.
You worshipped Vehumet.
Vehumet was exalted by your worship.
You visited 12 branches of the dungeon, and saw 56 of its levels.
You visited 1 bazaar.
You visited 1 ziggurat, and saw 9 of its levels.
You also visited: Trove and Ice Cave.

You collected 8150 gold pieces.
You spent 6283 gold pieces at shops.

Inventory:

Missiles
 z - 15 throwing nets
Armour
 I - a +2 pair of gloves (worn)
 J - a +2 hat of see invisible (worn)
 K - a +2 cloak (worn)
 P - the orb of the Realm of Zot {*channel, rPois Int+2 Air}
   (You took it off a spriggan on level 2 of the Lair of Beasts)

   Int+2:     It affects your intelligence (+2).
   rPois:     It protects you from poison Air: It increases the power of your
   Air spells.
 V - +6 acid dragon scales (worn)
 X - the +3 pair of boots "Waihar" (worn) {Stlth+}
   (You found it in an ice cave)

   Stlth+:    It makes you more stealthy.
Magical Staves
 Z - the staff of Zofrapsy (weapon) {rF+ MP+9 Fire Alchemy}
   (You found it on level 4 of the Shoals)

   [staff of fire]

   Base accuracy: +5 Base damage: 5 Base attack delay: 1.2 This weapon's minimum
   attack delay (0.6) is reached at skill level 12.
   rF+:       It protects you from fire.
   MP+9:      It affects your magic capacity (+9).
   Fire:      It increases the power of your Fire spells.
   Alchemy:   It increases the power of your Alchemy spells.
   It falls into the 'Staves' category.
   It is a one-handed weapon.
Jewellery
 f - the ring "Vazxir" (left hand) {rPois rC+ rN+ MP+9 Int+3}
   (You found it in a treasure trove)

   [ring of magical power]

   Int+3:     It affects your intelligence (+3).
   rC+:       It protects you from cold.
   rPois:     It protects you from poison rN+: It protects you from negative
   energy.
   MP+9:      It affects your magic capacity (+9).
 p - the ring "Kirovv Qups" (right hand) {rPois rF+ Will+ Str+5}
   (You found it on level 3 of the Crypt)

   [ring of poison resistance]

   Str+5:     It affects your strength (+5).
   rF+:       It protects you from fire.
   rPois:     It protects you from poison Will+: It increases your willpower.
 q - the amulet "Qawon" (around neck) {RegenMP rElec rF+ Dex+2}
   (You bought it in a shop in a bazaar)

   [amulet of magic regeneration]

   RegenMP:   It increases your rate of magic regeneration.
   Dex+2:     It affects your dexterity (+2).
   rF+:       It protects you from fire.
   rElec:     It insulates you from electricity.
 B - the ring "Ahieptim" {Fly rF+ rN+ Str-2 Int+3}
   (You found it on level 3 of the Crypt)

   [ring of positive energy]

   Str-2:     It affects your strength (-2).
   Int+3:     It affects your intelligence (+3).
   rF+:       It protects you from fire.
   rN+:       It protects you from negative energy.
   Fly:       It grants you flight.
 N - a ring of protection from cold
Talismans
 S - a talisman of death
Wands
 i - a wand of paralysis (67)
 j - a wand of polymorph (31)
 r - a wand of light (39)
 t - a wand of digging (16)
 v - a wand of mindburst (24)
 L - a wand of flame (158)
 Y - a wand of iceblast (21)
Scrolls
 a - 2 scrolls of blinking
 b - 10 scrolls of silence
 c - 16 scrolls of immolation
 e - 12 scrolls of noise
 g - 4 scrolls of torment
 l - 25 scrolls of fear
 n - 18 scrolls of teleportation
 u - 12 scrolls of fog
 x - 9 scrolls of vulnerability
 y - 5 scrolls of butterflies
 A - 8 scrolls of poison
 D - 3 scrolls of revelation
 M - 9 scrolls of amnesia
Potions
 d - 3 potions of magic
 h - 16 potions of mutation
 k - 9 potions of heal wounds
 m - 27 potions of curing
 o - 3 potions of cancellation
 s - 6 potions of berserk rage
 w - 3 potions of brilliance
 C - a potion of ambrosia
 E - 2 potions of haste
 F - 11 potions of might
 H - 12 potions of lignification
 Q - 6 potions of resistance
 R - 11 potions of enlightenment
 U - 4 potions of attraction
 W - 5 potions of invisibility
Miscellaneous
 G - a phantom mirror


   Skills:
 * Level 23.2 Fighting
 - Level 17.9 Armour
 - Level 4.7 Dodging
 - Level 2.1 Stealth
 + Level 21.5 Spellcasting
 + Level 23.6 Conjurations
 + Level 23.5 Fire Magic
 - Level 4.4 Air Magic
 + Level 25.0 Earth Magic
 - Level 4.0 Shapeshifting


You had 11 spell levels left.
You knew the following spells:

 Your Spells              Type           Power      Damage    Failure   Level
a - Plasma Beam           Fire/Air       53%        2x1d68    1%          6
b - Stone Arrow           Conj/Erth      100%       3d13      0%          3
c - Lee's Rapid Deconstr  Erth           54%        3d25*     0%          5
d - Freezing Cloud        Conj/Ice/Air   35%        6-21      1%          5
e - Ignition              Fire           64%        3d17      1%          8
f - Lehudib's Crystal Sp  Conj/Erth      53%        10d13     1%          8
g - Fireball              Conj/Fire      64%        3d24      0%          5
h - Shatter               Erth           54%        3d41*     1%          9
i - Fire Storm            Conj/Fire      64%        8d16      2%          9

Your spell library contained the following spells:

 Spells                   Type           Power      Damage    Failure   Level
 Polar Vortex             Ice            15%        12d2*     100%        9
 Foxfire                  Conj/Fire      100%       2x1d9     0%          1
 Kiss of Death            Conj/Necr      100%       2d13      0%          1
 Magic Dart               Conj           100%       1d8       0%          1
 Sandblast                Erth           100%       2d20      0%          1
 Shock                    Conj/Air       100%       1d9       0%          1
 Sting                    Conj/Alch      100%       1d9       0%          1
 Momentum Strike          Conj/Tloc      100%       3d10      0%          2
 Scorch                   Fire           100%       2d9       0%          2
 Searing Ray              Conj           100%       2d8       0%          2
 Passwall                 Erth           100%       N/A       0%          3
 Brom's Barrelling Bould  Conj/Erth      100%       2d11      0%          4
 Flame Wave               Conj/Fire      100%       2d21      0%          4
 Iskenderun's Battlesphe  Conj           100%       2d15      0%          5
 Bombard                  Conj/Erth      53%        9d9       0%          6
 Starburst                Conj/Fire      64%        6d17      0%          6
 Apportation              Tloc           62%        N/A       1%          1
 Freeze                   Ice            100%       1d10      1%          1
 Necrotise                Necr           100%       1d9       1%          1
 Slow                     Hex            100%       N/A       1%          1
 Summon Small Mammal      Summ           100%       N/A       1%          1
 Blink                    Tloc           62%        N/A       1%          2
 Ensorcelled Hibernation  Hex/Ice        62%        N/A       1%          2
 Jinxbite                 Hex            62%        N/A       1%          2
 Lesser Beckoning         Tloc           62%        N/A       1%          2
 Mercury Vapours          Alch/Air       100%       N/A       1%          2
 Dazzling Flash           Conj/Hex       100%       N/A       1%          3
 Frozen Ramparts          Ice            62%        1d10      1%          3
 Hailstorm                Conj/Ice       79%        3d13      1%          3
 Inner Flame              Hex/Fire       99%        N/A       1%          3
 Mephitic Cloud           Conj/Alch/Air  91%        N/A       1%          3
 Swiftness                Air            54%        N/A       1%          3
 Volatile Blastmotes      Fire/Tloc      100%       2d18      1%          3
 Airstrike                Air            27%        2d(4-20)  1%          4
 Animate Armour           Summ/Erth      100%       N/A       1%          4
 Fulminant Prism          Conj/Alch      49%        3d20      1%          4
 Ignite Poison            Fire/Alch      100%       N/A       1%          4
 Iskenderun's Mystic Bla  Conj/Tloc      79%        2d16      1%          4
 Leda's Liquefaction      Alch/Erth      51%        N/A       1%          4
 Petrify                  Alch/Erth      100%       N/A       1%          4
 Sticky Flame             Fire/Alch      100%       2d15      1%          4
 Summon Blazeheart Golem  Fire/Summ      99%        N/A       1%          4
 Arcjolt                  Conj/Air       42%        1d52      1%          5
 Borgnjor's Vile Clutch   Necr/Erth      40%        N/A       1%          5
 Irradiate                Conj/Alch      49%        3d28      1%          5
 Spellforged Servitor     Conj/Summ      39%        N/A       2%          7
 Call Canine Familiar     Summ           31%        N/A       4%          3
 Confusing Touch          Hex            31%        N/A       4%          3
 Fugue of the Fallen      Necr           31%        N/A       4%          3
 Ozocubu's Armour         Ice            31%        N/A       4%          3
 Sigil of Binding         Hex            31%        N/A       4%          3
 Summon Ice Beast         Ice/Summ       31%        N/A       4%          3
 Vampiric Draining        Necr           31%        2d8       4%          3
 Olgreb's Toxic Radiance  Alch           46%        N/A       4%          4
 Summon Lightning Spire   Summ/Air       44%        N/A       5%          4
 Vhi's Electric Charge    Tloc/Air       88%        N/A       5%          4
 Yara's Violent Unravell  Hex/Alch       23%        3d10      11%         5
 Anguish                  Hex/Necr       15%        N/A       14%         4
 Animate Dead             Necr           31%        N/A       14%         4
 Dispel Undead            Necr           31%        3d14      14%         4
 Manifold Assault         Tloc           31%        N/A       14%         4
 Martyr's Knell           Necr/Summ      31%        N/A       14%         4
 Passage of Golubria      Tloc           31%        N/A       14%         4
 Silence                  Hex/Air        22%        N/A       16%         5
 Alistair's Intoxication  Alch           30%        N/A       36%         5
 Metabolic Englaciation   Hex/Ice        15%        N/A       36%         5
 Summon Forest            Summ/Tloc      15%        N/A       36%         5
 Eringya's Noxious Bog    Alch           23%        4d6       45%         6
 Chain Lightning          Conj/Air       42%        3d56      71%         9
 Death Channel            Necr           15%        N/A       91%         6
 Dispersal                Tloc           15%        N/A       91%         6
 Sculpt Simulacrum        Ice/Alch       23%        N/A       91%         6
 Summon Cactus Giant      Summ           15%        N/A       91%         6
 Maxwell's Capacitive Co  Air            27%        ∞         96%         8
 Enfeeble                 Hex            15%        N/A       100%        7
 Haunt                    Necr/Summ      15%        N/A       100%        7
 Summon Hydra             Summ           15%        N/A       100%        7
 Borgnjor's Revivificati  Necr           15%        N/A       100%        8
 Disjunction              Tloc           15%        N/A       100%        8
 Infestation              Necr           15%        N/A       100%        8
 Death's Door             Necr           15%        N/A       100%        9
 Cigotuvi's Dreadful Rot  Necr/Alch/Air  Unusable   N/A       N/A         2
 Sublimation of Blood     Necr           Unusable   N/A       N/A         2

Dungeon Overview and Level Annotations

Branches:
Dungeon (15/15)            Temple (1/1) D:7            Lair (5/5) D:9
 Shoals (4/4) Lair:3        Snake (4/4) Lair:2        Slime (5/5) Lair:5
    Orc (2/2) D:12            Elf (3/3) Orc:2        Vaults (5/5) D:14
  Crypt (3/3) Vaults:3       Tomb (0/3) Crypt:3      Depths (4/4) D:15
    Zot (5/5) Depths:4      IceCv (visited)

Altars:
Ashenzari
Cheibriados
Dithmenos
Elyvilon
Fedhas
Gozag
Hepliaklqana
Kikubaaqudgha
Makhleb
Nemelex Xobeh
Okawaru
Qazlal
Ru
Sif Muna
Trog
Uskayaw
Vehumet
Wu Jian
Xom
Yredelemnul
Zin
The Shining One
Beogh
Jiyva
Lugonu

Shops:
D:6 !   D:7 (   D:11 [   Orc:1 [   Orc:2 *![:   Elf:2 [   Shoals:2 ([=
Shoals:3 =   Shoals:4 =   Snake:2 =::   Vaults:4 (

Portals:
Hell: Depths:1 Depths:2 Depths:3 Depths:4
Abyss: Depths:1 Depths:3
Pandemonium: Orc:2 Depths:2

Annotations:
Crypt:1 2 transporters
Depths:1 3 runed translucent doors, Beoqeh's ghost, veteran DgCj
Zot:3 2 runed translucent doors, Uxisash's ghost, veteran DrIE
Zot:4 3 runed translucent doors, Covvyleb's ghost, veteran DrIE; Qunuun's ghost, legendary DsFi


Innate Abilities, Weirdness & Mutations

You are immune to sickness and miasma.
Your stone body is resilient. (AC +20)
You are immune to poison.
Your large and strong wings let you fly.
You resist negative energy. (rN+)
You are resistant to electric shocks. (rElec)
You are resistant to unholy torment.
You are immune to petrification.
You are dopey. (Int -2)


Message History

Casting: Fire Storm (dangerous; 2% risk of failure)
Confirm with . or Enter, or press ? or * to list all spells.
Aiming: Fire Storm (dangerous; 2% risk of failure)
Press: ? - help, Dir - move target You feel a surge of power!
A raging storm of fire appears!
The great blast of fire engulfs the Orb Guardian!!!
The Orb Guardian is heavily wounded.
An Orb Guardian is nearby!
Your fire vortex hits the Orb Guardian.
Your fire vortex burns the Orb Guardian!
Your fire vortex dissipates!
There is a stone staircase leading up here.
You fly upwards.
There is a stone staircase leading down here.
Magic restored.
Your extra speed is starting to run out.
You feel yourself slow down.
A red devil comes into view. It is wielding a +0 trident.
Casting: Fire Storm (dangerous; 2% risk of failure)
Confirm with . or Enter, or press ? or * to list all spells.
Aiming: Fire Storm (dangerous; 2% risk of failure)
Press: ? - help, Dir - move target, f - red devil
Aim: a red devil, wielding a +0 trident You feel a surge of power!
A raging storm of fire appears!
The great blast of fire engulfs the red devil!!
The red devil partially resists.
You kill the red devil!
Vehumet accepts your kill.
You feel your power returning.
Your fire vortex moves out of view.
There is a stone staircase leading up here.
You fly upwards.
There is a stone staircase leading down here.
You feel yourself speed up.
There is a stone staircase leading up here.
You fly upwards.
There is a stone staircase leading down here.
Your extra speed is starting to run out.
You feel yourself slow down.
There is a staircase leading out of the dungeon here.
You have escaped!

#♣.............♣......#
#♣♣♣~♣.....PP....♣~♣♣♣...#
#♣...♣~♣...PPPP..♣~♣.[.♣..###
♣.....♣~♣PPPPPPP♣~♣.....♣....
♣......♣~♣PPPPP♣~♣......♣####
♣......P♣~♣PPP♣~♣P......♣
♣......PP♣~♣♣♣~♣PPP.....♣#
#♣....PPPP♣~~~♣PPPPP...♣.#
#♣..PPPPP♣~@~♣PPPPP..♣..#
#♣...PPPPP♣~~~♣PPPP....♣.#
♣.....PPP♣~♣♣♣~♣PP......♣# #
♣......P♣~♣PPP♣~♣P......♣ #
♣......♣~♣PPPPP♣~♣...)..♣ #
♣.....♣~♣PPPPPPP♣~♣.....♣#
#####♣...♣~♣...PPPP..♣~♣...♣.#
......♣♣♣~♣.(...PP....♣~♣♣♣..####
#######.#♣.............♣.........


There were no monsters in sight!

Vanquished Creatures
  the Royal Jelly (Slime:5)
  7 dread liches
  4 ancient liches
  Khufu (Crypt:2)
  4 orbs of fire
  Frederick (Vaults:5)
  Xtahua (Depths:3)
  2 royal mummies (Crypt:2)
  Josephina (Zot:2)
  Parghit (Zot:4)
  Boris (thrice) (Vaults:3 Vaults:4 Depths:3)
  8 Killer Klowns
  Bai Suzhen (Elf:3)
  2 curse toes
  Margery (Depths:3)
  Saint Roka (Vaults:2)
  8 golden dragons
  A pandemonium lord (Zig:5)
  Jory (Vaults:3)
  Nikola (Depths:1)
  4 bone dragons
  3 doom hounds
  A Brimstone Fiend (Depths:1)
  An electric golem (Zot:5)
  2 hellephants
  Jorgrun (D:13)
  19 tentacled monstrosities
  2 Ice Fiends
  7 titans
  Grunn (Zot:4)
  26 Orb Guardians
  7 quicksilver dragons
  A sphinx (shapeshifter) (Zig:6)
  4 liches
  2 deep elf master archers (Elf:3)
  3 deep elf blademasters
  11 sphinxes
  Polyphemus (Shoals:2)
  8 acid blobs
  Frances (Shoals:2)
  2 krakens
  5 ancient champions
  2 Executioners
  5 death cobs
  Donald (Snake:3)
  7 shadow dragons
  12 tengu reavers
  Aizul (Snake:4)
  17 nagarajas
  13 storm dragons
  5 draconian monks
  Ilsuiw (Shoals:3)
  14 azure jellies
  3 draconian shifters
  7 protean progenitors
  14 frost giants
  3 draconian knights
  15 rockslimes
  A revenant (Vaults:3)
  13 fire giants
  5 iron dragons
  18 vault wardens
  The ghost of Syisch the Markskobold, an adept KoDe of Gozag (Lair:2)
  4 deep elf elementalists (Elf:3)
  10 deep elf sorcerers
  2 draconian scorchers
  2 balrugs
  5 orc warlords
  2 curse skulls
  3 draconian stormcallers
  A juggernaut zombie (Zig:9)
  A reaper (Zot:3)
  A caustic shrike zombie (Depths:2)
  2 spriggan defenders (Depths:3)
  2 draconian annihilators
  5 ghouls
  A demonspawn corrupter (Zig:5)
  6 quicksilver oozes
  28 stone giants
  24 very ugly things
  Nessos (D:14)
  8 formless jellyfish
  A demonspawn blood saint (Zig:7)
  17 ironbound preservers
  The ghost of LobsterGuardian the Reanimator, a journeyman DsNe of Hepliaklqana (Orc:2)
  13 vampire knights
  7 ironbound thunderhulks
  6 deep elf demonologists
  13 deep elf death magi
  11 black draconians
  5 green draconians
  2 yellow draconians (Zot:2)
  11 deep elf annihilators
  A putrid mouth (Zot:3)
  2 bennus (Zig:9)
  5 white draconians
  7 dire elephants
  6 purple draconians
  9 spark wasps
  A demonspawn black sun (Depths:1)
  2 war gargoyles
  5 red draconians
  4 eidola
  12 ettins
  5 mummy priests
  2 blizzard demons
  4 merfolk javelineers
  9 merfolk impalers
  13 deep elf high priests
  9 fire dragons
  A green death (Depths:2)
  5 jiangshi
  A kraken zombie (Crypt:3)
  15 yaktaur captains
  Erolcha (D:13)
  2 rakshasas
  13 great orbs of eyes
  Fannar (D:12)
  3 entropy weavers
  3 death knights
  18 ironbound frosthearts
  4 merfolk avatars
  A demonspawn (Orc:2)
  10 centaur warriors
  30 vault guards
  A sphinx zombie (Zig:9)
  7 hydras
  2 spriggan air magi
  13 ice dragons
  2 salamander tyrants
  A catoblepas (Shoals:2)
  2 spriggan skeletons
  A two-headed ogre (shapeshifter) (Vaults:5)
  An alligator snapping turtle (Shoals:4)
  6 ogre magi
  A peacekeeper (Vaults:3)
  6 two-headed ogres
  9 anacondas
  6 merfolk aquamancers
  35 dancing weapons
  2 radroaches (Zot:1)
  7 boulder beetles
  3 satyrs
  11 vampire magi
  7 deep troll shamans
  5 occultists
  7 death yaks
  15 deep troll earth magi
  4 hell hogs (Depths:1)
  18 naga sharpshooters
  A thrashing horror (Zig:1)
  12 orc high priests
  9 spriggan berserkers
  6 tengu warriors
  14 naga warriors
  4 soul eaters
  2 shock serpents (Snake:2)
  5 sun demons
  7 hell knights
  Nergalle (D:11)
  4 skysharks
  15 deep elf knights
  2 fire crabs (Shoals:2)
  16 skeletal warriors
  2 shadow wraiths
  A cherub (Zig:5)
  53 deep trolls
  10 salamander mystics
  A golden dragon zombie (Zig:9)
  7 iron trolls
  4 sea snakes (shapeshifter)
  7 flayed ghosts
  12 mana vipers
  7 sea snakes
  An orange crystal statue (D:13)
  A shadow demon (Zig:5)
  A tengu zombie (Depths:2)
  10 naga ritualists
  6 arcanists
  11 bog bodies
  29 ironbound convokers
  20 orc knights
  12 deep elf archers
  6 glowing orange brains
  21 deep elf pyromancers
  23 deep elf zephyrmancers
  16 phantasmal warriors
  6 lindwurms
  13 necromancers
  19 harpies
  An alligator zombie (Crypt:1)
  A harpy (shapeshifter) (Elf:1)
  5 orc sorcerers
  6 wolf spider zombies (D:13)
  4 fauns
  A golden dragon skeleton (Zig:9)
  12 manticores
  3 oklob plants (Lair:5)
  30 ugly things
  22 salamanders
  27 moths of wrath
  9 cyclopes
  A shining eye (Slime:5)
  15 elephants
  An elephant (shapeshifter) (Elf:1)
  A kobold blastminer (Orc:2)
  9 guardian serpents
  19 vault sentinels
  6 water nymphs
  2 ice statues (IceCv)
  48 black mambas
  3 eyes of devastation
  6 merfolk sirens
  8 centaur zombies
  9 cane toads
  3 meliai
  An orange demon (Orc:2)
  24 naga magi
  An apocalypse crab (Zig:6)
  An elephant slug zombie (Crypt:3)
  A hellion (Depths:2)
  4 freezing wraiths
  A large abomination (Zig:5)
  8 centaur skeletons
  4 kobold demonologists (D:10)
  3 ice devils
  10 komodo dragons
  24 yaktaurs
  3 rime drakes
  4 guardian mummies
  An unseen horror (D:12)
  A death yak zombie (Crypt:3)
  2 tormentors
  A golden dragon simulacrum (Zot:2)
  A yellow draconian skeleton (Crypt:3)
  A green draconian skeleton (Crypt:1)
  A red devil (D:3)
  6 polar bears
  4 tengu conjurers
  A hellwing (Zig:1)
  A shadow dragon simulacrum (Zot:2)
  A bloated husk (Crypt:2)
  34 merfolk
  7 trolls
  A harpy zombie (D:13)
  A queen bee (shapeshifter) (D:15)
  7 wind drakes
  A tyrant leech (Zot:4)
  7 blink frogs
  6 hornets
  Prince Ribbit (D:5)
  A dream sheep (shapeshifter) (Depths:4)
  A jumping spider zombie (Crypt:1)
  A harpy skeleton (Crypt:3)
  8 snapping turtles
  Sigmund (D:5)
  7 glass eyes
  A snapping turtle (shapeshifter) (Vaults:5)
  21 dream sheep
  A raiju (shapeshifter) (D:15)
  A meliai zombie (D:13)
  2 centaur simulacra (D:15)
  5 air elementals
  110 slime creatures
  A guardian serpent skeleton (Crypt:3)
  18 spriggans
  3 vampires
  6 shadows
  2 fire elementals
  A culicivora (shapeshifter) (Elf:3)
  A black mamba skeleton (Crypt:1)
  15 water elementals
  9 wraiths
  34 yaks
  An ushabti (Zig:9)
  A spriggan (shapeshifter) (Elf:1)
  5 wyverns
  3 golden eyes
  A steam dragon (Lair:2)
  2 basilisks
  3 wargs
  An alligator snapping turtle simulacrum (Crypt:1)
  A redback (shapeshifter) (Zig:6)
  6 vampire mosquitoes
  A purple draconian simulacrum (Zot:2)
  3 chaos spawn
  A glowing shapeshifter zombie (Depths:2)
  2 acid dragons
  45 nagas
  4 great orb of eyes simulacra (IceCv)
  27 water moccasins
  A demonspawn skeleton (Crypt:1)
  A fire bat skeleton (Crypt:2)
  A moth of wrath simulacrum (Zot:2)
  2 sky beasts (D:7)
  9 laughing skulls
  6 black bears
  34 orc warriors
  A black bear (shapeshifter) (Elf:1)
  37 wolves
  4 boggarts (Lair:5)
  17 centaurs
  5 ogres
  A slime creature simulacrum (IceCv)
  A hog skeleton (Crypt:2)
  5 kobold brigands
  A draconian zombie (Crypt:1)
  9 bullfrogs
  2 necrophages
  6 scorpions
  A draconian skeleton (Crypt:3)
  4 earth elementals
  3 glowing shapeshifter simulacra (IceCv)
  A troll zombie (Crypt:2)
  4 killer bees
  A water moccasin skeleton (Crypt:2)
  4 howler monkeys
  A vampire bat (D:5)
  A yak skeleton (Crypt:1)
  5 electric eels
  3 lava snakes (Lair:2)
  4 jellies
  27 orc priests
  A bombardier beetle (D:4)
  2 gnoll boudas
  4 hounds (D:6)
  2 human zombies (Crypt:1)
  Crazy Yiuf (D:6)
  Terence (D:3)
  2 human skeletons (Crypt:1)
  2 boggart zombies
  4 iguanas
  A scorpion zombie (Crypt:3)
  A sleepcap (D:4)
  12 orc wizards
  7 hell rats (Lair:1)
  6 shapeshifter simulacra (IceCv)
  An acid dragon skeleton (Crypt:1)
  A naga skeleton (Crypt:2)
  A hound zombie (Crypt:2)
  12 mummies
  15 gnolls
  A steam dragon zombie (Crypt:1)
  10 adders
  A ribbon worm zombie (Crypt:3)
  3 white imps
  A jelly zombie (Crypt:2)
  An adder skeleton (Crypt:3)
  A ribbon worm (D:3)
  3 dart slugs
  5 fire bats
  53 orcs
  2 spectral bats (D:5)
  4 ball pythons
  16 bats
  4 bat skeletons
  A bat zombie (D:5)
  4 endoplasms
  5 giant cockroaches
  8 goblins
  5 hobgoblins
  9 jackals
  5 quokkas
  A bat simulacrum (D:5)
  5 frilled lizards
  A gnoll skeleton (Crypt:2)
  A goblin zombie (Crypt:3)
  21 kobolds
  5 rats
  8 aspiring fleshes
  9 fire vortices
  7 tentacles
2550 creatures vanquished.

Vanquished Creatures (collateral kills)
  An electric golem (Zot:5)
  A titan (Vaults:5)
  A walking divine tome (Depths:2)
  A shadow dragon (Vaults:5)
  A storm dragon (Vaults:5)
  A draconian knight (Zot:1)
  A frost giant (Vaults:5)
  A stone giant (Depths:2)
  A very ugly thing (Depths:1)
  A white draconian (Depths:4)
  2 purple draconians
  An ice dragon (Depths:2)
  2 slime creatures (Slime:2)
15 creatures vanquished.

Vanquished Creatures (others)
  A ghost crab (Crypt:2)
  A deep elf knight (Elf:2)
  An arcanist (D:6)
  175 fire vortices
  8 tentacles
186 creatures vanquished.

Grand Total: 2751 creatures vanquished

Notes
Turn   | Place    | Note
-------+----------+-------------------------------------------
     0 | D:1      | CougarLife the Gargoyle Earth Elementalist began the quest
                  | for the Orb.
     0 | D:1      | Reached XP level 1. HP: 10/10 MP: 3/3
   113 | D:1      | Reached XP level 2. HP: 15/15 MP: 3/5
   146 | D:1      | Reached skill level 4 in Earth Magic
   374 | D:1      | Reached XP level 3. HP: 19/19 MP: 4/6
  1012 | D:2      | Reached XP level 4. HP: 24/24 MP: 6/8
  2008 | D:2      | Learned a level 3 spell: Stone Arrow
  2112 | D:3      | Found a white marble altar of Elyvilon.
  2182 | D:3      | Noticed Terence
  2199 | D:3      | Killed Terence
  2200 | D:3      | Reached XP level 5. HP: 6/28 MP: 1/9
  2505 | D:3      | Reached skill level 5 in Earth Magic
  2607 | D:3      | Found a snail-covered altar of Cheibriados.
  2872 | D:3      | Found a sparkling altar of Nemelex Xobeh.
  3137 | D:4      | Found a burning altar of Makhleb.
  3163 | D:4      | Reached XP level 6. HP: 31/32 MP: 7/11
  3769 | D:4      | Reached skill level 6 in Earth Magic
  3893 | D:4      | Reached XP level 7. HP: 36/36 MP: 10/13
  4303 | D:5      | Entered Level 5 of the Dungeon
  4329 | D:5      | Reached skill level 5 in Conjurations
  4506 | D:5      | Reached skill level 5 in Spellcasting
  4506 | D:5      | Reached skill level 7 in Earth Magic
  4506 | D:5      | Reached XP level 8. HP: 41/41 MP: 12/15
  5044 | D:5      | Noticed Prince Ribbit
  5055 | D:5      | Killed Prince Ribbit
  5205 | D:5      | Noticed Sigmund
  5224 | D:5      | Killed Sigmund
  5225 | D:5      | Reached skill level 8 in Earth Magic
  5704 | D:6      | Reached XP level 9. HP: 35/45 MP: 12/18
  5871 | D:6      | Noticed a troll
  5884 | D:6      | Killed a troll
  5885 | D:6      | Reached skill level 9 in Earth Magic
  6036 | D:6      | Found Ogrohorgh's Distillery.
  6047 | D:6      | Bought a potion of brilliance for 48 gold pieces
  6047 | D:6      | Bought a potion of heal wounds for 60 gold pieces
  6047 | D:6      | Bought a potion of brilliance for 48 gold pieces
  6047 | D:6      | Bought a potion of magic for 96 gold pieces
  6293 | D:6      | Found a bloodstained altar of Trog.
  6296 | D:6      | Noticed a wizard
  6300 | D:6      | Killed a wizard
  6413 | D:6      | Found a runed translucent door.
  6414 | D:6      | Noticed Crazy Yiuf
  6605 | D:6      | Found a broken altar of Ashenzari.
  6605 | D:6      | Found a radiant altar of Vehumet.
  6613 | D:6      | Found an ancient bone altar of Kikubaaqudgha.
  6616 | D:6      | Became a worshipper of Vehumet
  6620 | D:6      | Found a stormy altar of Qazlal.
  6622 | D:6      | Found a hide-covered altar of Uskayaw.
  6922 | D:6      | Killed Crazy Yiuf
  7079 | D:7      | Reached skill level 10 in Earth Magic
  7084 | D:7      | Reached XP level 10. HP: 38/50 MP: 11/21
  7154 | D:7      | Found a staircase to the Ecumenical Temple.
  7183 | Temple   | Entered the Ecumenical Temple
  7383 | D:7      | Found Nur Kowu's Antique Weapon Emporium.
  8317 | D:8      | Found a glowing golden altar of the Shining One.
  8504 | D:9      | Reached * piety under Vehumet
  8504 | D:9      | Offered knowledge of Magic Dart by Vehumet.
  8532 | D:9      | Found a staircase to the Lair.
  8814 | D:10     | Entered Level 10 of the Dungeon
  8919 | D:10     | Reached skill level 10 in Conjurations
  8930 | D:10     | Noticed a cyclops
  8935 | D:10     | Killed a cyclops
  9097 | D:10     | Found a shimmering altar of Xom.
  9193 | D:10     | Noticed a two-headed ogre
  9196 | D:10     | Reached XP level 11. HP: 54/54 MP: 19/23
  9198 | D:10     | Killed a two-headed ogre
  9253 | D:10     | Reached skill level 1 in Armour
  9301 | D:10     | Noticed a sun demon
  9355 | D:10     | Found a glowing silver altar of Zin.
  9416 | D:10     | Found a shadowy altar of Dithmenos.
  9919 | D:11     | Noticed a cyclops
  9922 | D:11     | Killed a cyclops
 10042 | D:11     | Found Ukhlum's Antique Armour Shoppe.
 10193 | D:11     | Noticed Nergalle
 10201 | D:11     | Killed Nergalle
 10581 | D:12     | Noticed Fannar
 10663 | Lair:1   | Entered Level 1 of the Lair of Beasts
 10672 | Lair:1   | Reached skill level 5 in Armour
 11013 | Lair:1   | Reached ** piety under Vehumet
 11050 | Lair:1   | Offered knowledge of Kiss of Death by Vehumet.
 11269 | Lair:1   | Reached XP level 12. HP: 56/59 MP: 23/25
 11322 | Lair:1   | Reached skill level 10 in Spellcasting
 11648 | Lair:2   | Reached skill level 1 in Fighting
 11648 | Lair:2   | Reached skill level 11 in Earth Magic
 11864 | Lair:2   | Noticed Syisch's ghost (adept KoDe)
 11867 | Lair:2   | Noticed a death yak
 11873 | Lair:2   | Identified the orb of the Realm of Zot {*channel, rPois
                  | Int+2 Air}
 11881 | Lair:2   | Killed a death yak
 11899 | Lair:2   | Noticed a six-headed hydra
 11899 | Lair:2   | Noticed a death yak
 11904 | Lair:2   | Found a transporter.
 11910 | Lair:2   | Killed a six-headed hydra
 11915 | Lair:2   | Killed a death yak
 11916 | Lair:2   | Found a transporter.
 11955 | Lair:2   | Noticed a death yak
 11956 | Lair:2   | Noticed a death yak
 11962 | Lair:2   | Noticed a death yak
 12152 | Lair:2   | Offered knowledge of Mephitic Cloud by Vehumet.
 12292 | Lair:2   | Found a staircase to the Snake Pit.
 12298 | Lair:2   | Reached *** piety under Vehumet
 12737 | Lair:2   | Killed a death yak
 12771 | Lair:2   | Killed a death yak
 12772 | Lair:2   | Reached skill level 12 in Earth Magic
 12786 | Lair:2   | HP: 2/67 [death yak (12)]
 12789 | Lair:2   | Killed a death yak
 13020 | Lair:2   | Found a bloodstained altar of Trog.
 13583 | Lair:3   | Noticed a six-headed hydra
 13593 | Lair:2   | Killed a six-headed hydra
 13594 | Lair:2   | Reached skill level 5 in Fighting
 13694 | Lair:3   | Reached XP level 13. HP: 55/72 MP: 22/27
 13933 | Lair:3   | Learned a level 5 spell: Lee's Rapid Deconstruction
 14241 | Lair:3   | Offered knowledge of Dazzling Flash by Vehumet.
 14281 | Lair:3   | Found a staircase to the Shoals.
 15656 | Lair:4   | Reached skill level 13 in Earth Magic
 16615 | D:12     | Killed Fannar
 16745 | D:12     | Found a staircase to the Orcish Mines.
 16758 | D:12     | Reached **** piety under Vehumet
 17185 | D:12     | Offered knowledge of Airstrike by Vehumet.
 17545 | D:12     | Gained mutation: Your large and strong wings let you fly.
                  | [Gargoyle growth]
 17545 | D:12     | Reached XP level 14. HP: 10/84 MP: 26/30
 18032 | D:13     | Noticed Jorgrun
 18050 | D:13     | Killed Jorgrun
 18066 | D:13     | Reached skill level 14 in Earth Magic
 18844 | D:13     | Got the Cyclopedia of Grave Topomancy
 18980 | D:13     | Noticed Erolcha
 18991 | D:13     | Killed Erolcha
 19228 | D:13     | Reached ***** piety under Vehumet
 19420 | D:13     | Offered knowledge of Plasma Beam by Vehumet.
 19481 | D:13     | Found the +9 sword of Zonguldrok {reap}
 19481 | D:13     | Noticed a bone dragon
 19498 | D:13     | Killed a bone dragon
 20252 | D:14     | Reached skill level 15 in Earth Magic
 20408 | D:14     | Reached skill level 10 in Fighting
 20665 | D:14     | Reached XP level 15. HP: 63/92 MP: 31/31
 20893 | D:14     | Reached skill level 15 in Conjurations
 20925 | D:14     | Found a gate to the Vaults.
 21389 | D:14     | Found a portal to a secret trove of treasure.
 21396 | D:14     | Noticed Nessos
 21411 | D:14     | Killed Nessos
 21898 | Lair:5   | Entered Level 5 of the Lair of Beasts
 22075 | Lair:5   | Found a staircase to the Slime Pits.
 22966 | Lair:5   | Offered knowledge of Freezing Cloud by Vehumet.
 23641 | Lair:5   | Found a viscous altar of Jiyva.
 23647 | Lair:5   | Reached skill level 16 in Earth Magic
 24233 | Lair:5   | Learned a level 5 spell: Freezing Cloud
 24420 | Orc:1    | Entered Level 1 of the Orcish Mines
 24497 | Orc:1    | Found a roughly hewn altar of Beogh.
 24557 | Orc:1    | Found a burning altar of Makhleb.
 24734 | Orc:1    | Found a frozen archway.
 24744 | IceCv    | Entered an ice cave
 25180 | IceCv    | Reached skill level 1 in Fire Magic
 25740 | IceCv    | Offered knowledge of Orb of Destruction by Vehumet.
 25748 | IceCv    | Noticed an azure jelly
 25753 | IceCv    | Killed an azure jelly
 25754 | IceCv    | Reached XP level 16. HP: 100/101 MP: 24/33
 25769 | IceCv    | Noticed an azure jelly
 25776 | IceCv    | Killed an azure jelly
 25865 | IceCv    | Found a viscous altar of Jiyva.
 25883 | IceCv    | Identified the +3 pair of boots "Waihar" {Stlth+}
 25897 | IceCv    | Got the +9 spear "Ophadeif" {freeze, Fly rF+ Stlth+}
 26192 | Orc:2    | Entered Level 2 of the Orcish Mines
 26218 | Orc:2    | Found a staircase to the Elven Halls.
 26644 | Orc:2    | Found Veruq's General Store.
 26655 | Orc:2    | Found Xock's Distillery.
 27148 | Orc:2    | Reached skill level 5 in Fire Magic
 27194 | Orc:2    | Found Ociunlib's Book Shoppe.
 27194 | Orc:2    | Found a one-way gate leading to the halls of Pandemonium.
 27194 | Orc:2    | Found Tyreef's Antique Armour Emporium.
 27202 | Orc:2    | Bought a book of Lightning for 432 gold pieces
 27235 | Orc:2    | Bought a potion of brilliance for 56 gold pieces
 27235 | Orc:2    | Bought a potion of brilliance for 56 gold pieces
 27235 | Orc:2    | Bought a potion of haste for 140 gold pieces
 27235 | Orc:2    | Bought 2 potions of mutation for 224 gold pieces
 27235 | Orc:2    | Bought a potion of degeneration for 14 gold pieces
 27378 | Orc:2    | Found an iron altar of Okawaru.
 27618 | Orc:2    | Found a runed translucent gate.
 27618 | Orc:2    | Found a runed translucent gate.
 27618 | Orc:2    | Found a runed translucent gate.
 27624 | Orc:2    | Noticed LobsterGuardian's ghost (journeyman DsNe)
 27624 | Orc:2    | Identified the +4 chain mail "Ydaremu" {Will++}
 27715 | Orc:2    | Identified the +6 orcbow "Mythro" {elec, Stlth+}
 27795 | Orc:2    | Found a roughly hewn altar of Beogh.
 27843 | Orc:2    | Killed LobsterGuardian's ghost
 27843 | Orc:2    | Offered knowledge of Eringya's Noxious Bog by Vehumet.
 28018 | Orc:1    | Found Uqazeutz's Antique Armour Shop.
 28025 | Orc:1    | Bought a polished orb for 448 gold pieces
 28025 | Orc:1    | Identified the orb of the Nexus {*channel, rElec Stlth+}
                  | (You bought it in a shop on level 1 of the Orcish Mines)
 28025 | Orc:1    | Bought an ichor-stained robe for 182 gold pieces
 28025 | Orc:1    | Identified the +0 robe of Yesterday {rF+ rC- rN+ Str+4
                  | Dex+3} (You bought it in a shop on level 1 of the Orcish
                  | Mines)
 28372 | D:12     | Learned a level 5 spell: Arcjolt
 28464 | D:15     | Entered Level 15 of the Dungeon
 29131 | D:15     | Found a staircase to the Depths.
 30026 | D:15     | Upgraded the game from 0.32-a0-306-gfed3edf829 to
                  | 0.32-a0-314-g526f7d4993
 30206 | Snake:1  | Entered Level 1 of the Snake Pit
 31794 | Snake:1  | Reached XP level 17. HP: 104/108 MP: 21/35
 32609 | Snake:2  | Found an iron altar of Okawaru.
 33164 | Snake:2  | Found Peotisk's Book Emporium.
 33167 | Snake:2  | Found Boigen's Jewellery Shop.
 33168 | Snake:2  | Found Wadut's Book Emporium.
 33174 | Snake:2  | Bought a book of the Moon for 640 gold pieces
 33183 | Snake:2  | Learned a level 8 spell: Lehudib's Crystal Spear
 33994 | Snake:2  | Offered knowledge of Conjure Ball Lightning by Vehumet.
 34114 | Snake:2  | Reached skill level 15 in Spellcasting
 35323 | Snake:2  | Reached skill level 10 in Fire Magic
 36826 | Snake:3  | Noticed Donald
 36830 | Snake:3  | Killed Donald
 37735 | Snake:4  | Entered Level 4 of the Snake Pit
 37743 | Snake:4  | Reached XP level 18. HP: 116/116 MP: 25/37
 37960 | Snake:4  | Reached ****** piety under Vehumet
 37960 | Snake:4  | Offered knowledge of Fireball by Vehumet.
 38036 | Snake:4  | Learned a level 5 spell: Fireball
 38121 | Snake:4  | Found an ornate altar of the Wu Jian Council.
 38999 | Snake:4  | Reached skill level 17 in Earth Magic
 39405 | Snake:4  | Identified the serpent talisman of Quantum Leap {rF+ rC+
                  | Stlth+}
 39405 | Snake:4  | Noticed Aizul
 39418 | Snake:4  | Killed Aizul
 40577 | Snake:4  | Got a serpentine rune of Zot
 41211 | Snake:4  | Paralysed by a naga mage for 3 turns
 41652 | Shoals:1 | Entered Level 1 of the Shoals
 41867 | Shoals:1 | Reached skill level 15 in Fighting
 41898 | Shoals:1 | You are sucked into a shaft and drop 1 floor!
 42389 | Shoals:1 | Offered knowledge of Maxwell's Capacitive Coupling by
                  | Vehumet.
 42916 | Shoals:2 | Found Acsios's Jewellery Emporium.
 42935 | Shoals:2 | Reached XP level 19. HP: 85/124 MP: 27/38
 43082 | Shoals:2 | Noticed Polyphemus
 43091 | Shoals:2 | Killed Polyphemus
 43457 | Shoals:2 | Noticed Frances
 43463 | Shoals:2 | Killed Frances
 43540 | Shoals:2 | Found Xemegat's Antique Weapon Boutique.
 43937 | Shoals:2 | Found Suaciq's Armour Shoppe.
 44144 | Shoals:3 | Noticed Ilsuiw
 44294 | Shoals:3 | Found Enyv's Jewellery Emporium.
 44865 | Shoals:3 | Identified the +0 scale mail of the Present {rC- rN+ Dex+2}
 44907 | Shoals:3 | Reached skill level 18 in Earth Magic
 45199 | Shoals:3 | Identified the +9 chain mail of Impressiveness {Str+3 SInv}
 45350 | Shoals:3 | Killed Ilsuiw
 45853 | Shoals:4 | Entered Level 4 of the Shoals
 46075 | Shoals:4 | Found Wabbu's One-of-a-Kind Rings.
 47363 | Shoals:4 | Identified the +8 long sword "Giant's Death Toll" {flame,
                  | rPois Str-5 Int+4}
 47955 | Shoals:4 | Got a barnacled rune of Zot
 48115 | Shoals:4 | Identified the staff of Zofrapsy {rF+ MP+9 Fire Alchemy}
 48733 | Elf:1    | Entered Level 1 of the Elven Halls
 49448 | Elf:1    | Reached XP level 20. HP: 101/131 MP: 33/40
 50328 | Elf:1    | Offered knowledge of Fire Storm by Vehumet.
 50328 | Elf:1    | Offered knowledge of Shatter by Vehumet.
 50328 | Elf:1    | Offered knowledge of Polar Vortex by Vehumet.
 50501 | Elf:2    | Found Haleys's Armour Boutique.
 50710 | Elf:2    | Identified the amulet "Biwn" {Spirit +Blink rN+}
 51073 | Elf:2    | Reached skill level 15 in Fire Magic
 51700 | Elf:2    | Found a runed translucent gate.
 51701 | Elf:2    | Found a runed translucent gate.
 51701 | Elf:2    | Found a runed translucent gate.
 53886 | Elf:3    | Entered Level 3 of the Elven Halls
 54297 | Elf:3    | Reached skill level 19 in Earth Magic
 54637 | Elf:3    | Paralysed by an air elemental for 1 turns
 54645 | Elf:3    | Paralysed by an air elemental for 1 turns
 55458 | Elf:3    | Learned a level 8 spell: Ignition
 55993 | Elf:3    | Reached XP level 21. HP: 74/138 MP: 20/42
 56427 | Elf:3    | Identified the +2 chain mail of the Louse {rF+ Str+4}
 56427 | Elf:3    | Identified the ring "Ibatonan" {Fly rElec rPois}
 56479 | Elf:3    | Identified the +3 falchion "Ynexix" {heavy, *Corrode Dex+3
                  | SInv Stlth+}
 56744 | Elf:3    | Identified the staff "Newtbane" {rF+ rN+ Str+2 Hexes Necro}
 57005 | Elf:3    | Identified the amulet of Plog {Faith Rampage Str+2}
 57257 | Elf:3    | Noticed Bai Suzhen
 57263 | Elf:3    | Killed Bai Suzhen
 57581 | Elf:3    | Identified the amulet of Waakk {Reflect rF++ rCorr Int-4
                  | SH+5 Stlth+}
 57663 | Elf:3    | Identified the amulet "Daiwaazo" {Regen+ Int+5}
 58011 | Elf:3    | Found the +2 hood of the Assassin {Detect Stab+ Stlth++}
 58602 | Lair:2   | Killed Syisch's ghost
 58867 | D:6      | Bought a potion of magic for 96 gold pieces
 58875 | D:6      | Learned a level 6 spell: Plasma Beam
 59064 | Vaults:1 | Entered Level 1 of the Vaults
 63313 | Vaults:2 | Reached XP level 22. HP: 121/145 MP: 41/43
 63742 | Vaults:2 | Reached skill level 20 in Earth Magic
 64296 | Vaults:2 | Noticed Saint Roka
 64302 | Vaults:2 | Killed Saint Roka
 66240 | Vaults:3 | Noticed Jory
 66523 | Vaults:3 | Killed Jory
 67987 | Vaults:3 | Found a staircase to the Crypt.
 68391 | Vaults:3 | Identified the +3 robe of Greed {rF+ Str+6 Dex+4}
 68391 | Vaults:3 | Noticed Boris
 68405 | Vaults:3 | Killed Boris
 68499 | Vaults:3 | Upgraded the game from 0.32-a0-314-g526f7d4993 to
                  | 0.32-a0-350-g4f4d228785
 68560 | Vaults:4 | Found Faskecop's Weapon Boutique.
 68965 | Vaults:4 | Identified the +0 chain mail of the Pit {rF- rC- rCorr
                  | Str+4}
 69366 | Vaults:4 | Reached XP level 23. HP: 152/152 MP: 45/45
 69435 | Vaults:4 | Identified the +4 robe "Jieckap" {Regen+}
 69435 | Vaults:4 | Noticed Boris
 69440 | Vaults:4 | Killed Boris
 71183 | Vaults:4 | Identified the +10 hand axe of Inquiry {antimagic, rC+}
 71746 | Crypt:1  | Entered Level 1 of the Crypt
 72388 | Crypt:1  | Found a transporter.
 72512 | Crypt:1  | Noticed a dread lich
 72514 | Crypt:1  | Identified the ring "Leomonuod" {*Slow rElec rF+ rN++
                  | Will+}
 72518 | Crypt:1  | Found a transporter.
 73628 | Crypt:2  | Reached skill level 21 in Earth Magic
 74596 | Crypt:2  | Paralysed by a vampire knight for 2 turns
 74838 | Crypt:2  | Noticed a royal mummy
 74843 | Crypt:2  | Killed a royal mummy
 74897 | Crypt:2  | Noticed a royal mummy
 74903 | Crypt:2  | Noticed Khufu
 74904 | Crypt:2  | Killed a royal mummy
 74910 | Crypt:2  | Killed Khufu
 75559 | Crypt:3  | Entered Level 3 of the Crypt
 75691 | Crypt:3  | Found the +5 scythe "Finisher" {speed, execute}
 75706 | Crypt:3  | Found a staircase to the Tomb.
 76725 | Crypt:3  | Found an ancient bone altar of Kikubaaqudgha.
 77431 | Crypt:3  | Noticed a dread lich
 77431 | Crypt:3  | Noticed a dread lich
 77431 | Crypt:3  | Noticed an ancient lich
 77585 | Crypt:3  | Killed a dread lich
 77632 | Crypt:3  | Killed an ancient lich
 77633 | Crypt:3  | Killed a dread lich
 77661 | Crypt:3  | Identified the ring "Mugo Pyinyno" {+Blink rPois rN+ Int+3
                  | Stlth-}
 77661 | Crypt:3  | Identified the ring of Benevolence {rN+ Dex+4}
 77661 | Crypt:3  | Identified the ring "Ahieptim" {Fly rF+ rN+ Str-2 Int+3}
 77670 | Crypt:3  | Identified the +6 eveningstar "Fearyme" {freeze, rPois
                  | rCorr SInv}
 77675 | Crypt:3  | Identified the ring "Kirovv Qups" {rPois rF+ Will+ Str+5}
 77677 | Crypt:3  | Identified the amulet "Caneum" {rElec Regen+ Str+4 Slay+3}
 77683 | Crypt:3  | Identified the +5 trident "Demonbane" {freeze, rC+ rN+
                  | Dex+2}
 77706 | Crypt:3  | Learned a level 9 spell: Shatter
 78263 | Depths:1 | Entered Level 1 of the Depths
 78306 | Depths:1 | Reached XP level 24. HP: 160/160 MP: 45/45
 78509 | Depths:1 | Found a one-way gateway to a ziggurat.
 78580 | Depths:1 | Noticed Nikola
 78588 | Depths:1 | Killed Nikola
 78714 | Depths:1 | You are sucked into a shaft and drop 1 floor!
 79935 | Depths:1 | Found a runed translucent gate.
 79935 | Depths:1 | Found a runed translucent gate.
 79935 | Depths:1 | Found a runed translucent gate.
 80203 | Depths:1 | Found a gateway to Hell.
 81436 | Depths:1 | Found a one-way gate to the infinite horrors of the Abyss.
 81724 | Depths:1 | Identified the +5 spear of the Beginning {pain, *Rage rCorr
                  | Dex+9}
 82028 | Depths:1 | Learned a level 9 spell: Fire Storm
 82348 | Depths:1 | Found a runed translucent gate.
 82348 | Depths:1 | Found a runed translucent gate.
 82351 | Depths:1 | Found a runed translucent gate.
 82357 | Depths:1 | Noticed Beoqeh's ghost (veteran DgCj)
 82703 | Depths:2 | Reached skill level 22 in Earth Magic
 83387 | D:14     | You paid a toll of a +6 demon blade to enter a treasure
                  | trove
 83388 | Trove    | Entered a treasure trove
 83391 | Trove    | Identified the ring "Jaul Ropp" {Fire rPois Will+ Str+2}
 83395 | Trove    | Identified the ring "Vazxir" {rPois rC+ rN+ MP+9 Int+3}
 83400 | Trove    | Identified the ring of Sevegunne {^Drain rF+ Int+3 Dex+3
                  | Slay+3}
 83407 | Trove    | Identified the ring of Ru's Righteous Anger {Fire Str+6}
 83410 | Trove    | Identified the amulet of Fuqifuy {Reflect rN+ Str+4 Int+2
                  | SH+5}
 83413 | Trove    | Identified the amulet of Quog {Reflect rF- MP+9 Str+3 Dex+4
                  | SH+5}
 83416 | Trove    | Identified the ring of Ruygedgh {rPois EV+5 Dex-5 SInv}
 83885 | Depths:2 | Got Sif Muna's Textbook on the Charred Singularity
 84022 | Depths:2 | Reached XP level 25. HP: 138/168 MP: 46/46
 84998 | Depths:2 | Identified the orb of Cowardice {*channel, Rampage rC-
                  | Int+6}
 85280 | Depths:2 | Got the Octavo of Cryomancy
 86185 | Depths:3 | Found a hide-covered altar of Uskayaw.
 86188 | Depths:3 | Identified the +3 robe of the Hurricane {^Contam rF+ MP+9
                  | Slay+2}
 86188 | Depths:3 | Noticed Boris
 86287 | Depths:3 | Killed Boris
 86797 | Depths:3 | Noticed Margery
 86801 | Depths:3 | Killed Margery
 86999 | Depths:3 | Identified the ring "Barearic" {rElec rPois rCorr Str+6
                  | Stlth-}
 87318 | Depths:3 | Found a corrupted altar of Lugonu.
 87350 | Depths:3 | Noticed Xtahua
 87360 | Depths:3 | Killed Xtahua
 87753 | Depths:3 | Identified the ring "Bifiejin" {rPois rF+ rC- Dex+4 SInv}
 87823 | Depths:4 | Entered Level 4 of the Depths
 88006 | Depths:4 | Reached skill level 10 in Armour
 88135 | Depths:4 | Found a flickering gateway to a bazaar.
 88140 | Bazaar   | Entered a bazaar
 88140 | Bazaar   | Found Luiptoad's Antique Armour Emporium.
 88194 | Bazaar   | Found Itum's Antique Weapon Boutique.
 88205 | Bazaar   | Found Suridwau's Distillery.
 88213 | Bazaar   | Bought a potion of curing for 21 gold pieces
 88213 | Bazaar   | Bought a potion of magic for 56 gold pieces
 88213 | Bazaar   | Bought a potion of mutation for 56 gold pieces
 88213 | Bazaar   | Bought a potion of enlightenment for 35 gold pieces
 88213 | Bazaar   | Bought a potion of mutation for 56 gold pieces
 88213 | Bazaar   | Bought a potion of curing for 21 gold pieces
 88216 | Bazaar   | Found Qukeynluri's Jewellery Shop.
 88224 | Bazaar   | Bought the amulet "Qawon" {RegenMP rElec rF+ Dex+2} for
                  | 1048 gold pieces
 88235 | Bazaar   | Found Munytal's General Store.
 88243 | Bazaar   | Bought a scroll of fear for 40 gold pieces
 88243 | Bazaar   | Bought a scroll of amnesia for 40 gold pieces
 88243 | Bazaar   | Bought a wand of digging (5) for 210 gold pieces
 89660 | Depths:4 | Reached XP level 26. HP: 176/176 MP: 46/46
 89727 | Depths:4 | Found a gate to the Realm of Zot.
 90340 | Slime:1  | Entered Level 1 of the Pits of Slime
 91441 | Slime:4  | Reached skill level 23 in Earth Magic
 91584 | Slime:5  | Entered Level 5 of the Pits of Slime
 92215 | Slime:5  | Found a viscous altar of Jiyva.
 92217 | Slime:5  | Noticed the Royal Jelly
 92432 | Slime:5  | Killed the Royal Jelly
 92656 | Slime:5  | Identified the +0 sling of Spores {drain, Fly Str+6 Int+3
                  | Dex-2}
 92695 | Slime:5  | Identified the staff "Qogreohegh" {Will+ MP-9 Dex+2 Conj}
 92729 | Slime:5  | Identified the amulet "Hapoa" {Acrobat *Corrode rPois rC+++
                  | Dex-5}
 92735 | Slime:5  | Got a slimy rune of Zot
 92749 | Slime:5  | Identified the +10 battleaxe "Newtslayer" {elec, Dex+3}
 92770 | Slime:5  | Identified the +5 glaive of Truncation {spect, rPois Str+2
                  | Stlth+}
 93798 | Vaults:5 | Entered Level 5 of the Vaults
 93969 | Vaults:5 | Identified the +2 war axe of the Endless Expanse {flame,
                  | rElec rN++ Will+ Stlth-}
 93984 | Vaults:5 | Reached XP level 27. HP: 151/182 MP: 44/47
 94133 | Vaults:5 | Noticed an ancient lich
 94136 | Vaults:5 | Killed an ancient lich
 94730 | Vaults:5 | Identified the +7 sling of Xom's Esteem {freeze, rC+++
                  | rCorr Int+2 Dex-5}
 94731 | Vaults:5 | Identified the ring of Qithiv {rPois rF+ rN+ Str+3}
 94766 | Vaults:5 | Identified the +2 hat of Responsibility {-Cast rElec SInv}
 94839 | Vaults:5 | Identified the amulet of Feso {rN+ Regen+}
 95044 | Vaults:5 | Identified the orb of Duty {light, -Tele rCorr Summ
                  | Alchemy}
 95044 | Vaults:5 | Noticed Frederick
 95047 | Vaults:5 | Killed Frederick
 95105 | Vaults:5 | Found the +3 Elemental Staff {ele, rElec rF+ rC+ AC+3}
 95158 | Vaults:5 | Identified the +0 pair of boots "Alehetoi" {*Corrode *Slow
                  | MP+9 Dex+4}
 95351 | Vaults:5 | Got the Elucidation of Algid Toxicity
 95355 | Vaults:5 | Got a silver rune of Zot
 96034 | Zot:1    | Entered Level 1 of the Realm of Zot
 96166 | Zot:1    | You are sucked into a shaft and drop 1 floor!
 96182 | Zot:2    | Identified the ring "Kihurrez" {Ice ^Drain rElec rCorr
                  | Int+3}
 96182 | Zot:2    | Noticed Josephina
 96184 | Zot:2    | Killed Josephina
 97735 | Zot:2    | Identified the +6 shortbow of Udaosoti {antimagic, rPois
                  | rCorr Dex+7 Stlth+}
 97736 | Zot:2    | Identified the +4 spear "Goblinslayer" {chaos, *Noise Will+
                  | rCorr Int+3}
 97741 | Zot:2    | Reached skill level 24 in Earth Magic
 97896 | Zot:2    | Reached skill level 15 in Armour
 98961 | Zot:3    | Found a large runed translucent door.
 98961 | Zot:3    | Found a large runed translucent door.
 98961 | Zot:3    | Noticed Uxisash's ghost (veteran DrIE)
 99090 | Zot:3    | Noticed an orb of fire
 99095 | Zot:3    | Killed an orb of fire
 99237 | Zot:4    | Noticed Grunn
 99315 | Zot:4    | Killed Grunn
 99600 | Zot:4    | Noticed Parghit
 99617 | Zot:4    | Killed Parghit
 99775 | Zot:4    | Found a runed translucent gate.
 99775 | Zot:4    | Found a runed translucent gate.
 99775 | Zot:4    | Found a runed translucent gate.
 99775 | Zot:4    | Noticed Qunuun's ghost (legendary DsFi)
 99777 | Zot:4    | Noticed Covvyleb's ghost (veteran DrIE)
 99901 | Zot:4    | Found a stormy altar of Qazlal.
100285 | Zot:5    | Entered Level 5 of the Realm of Zot
101089 | Zot:5    | Noticed a dread lich
101091 | Zot:5    | Killed a dread lich
101137 | Zot:5    | Noticed a dread lich
101143 | Zot:5    | Killed a dread lich
101448 | Zot:5    | Noticed a dread lich
101452 | Zot:5    | Killed a dread lich
101715 | Zot:5    | Noticed a dread lich
101718 | Zot:5    | Killed a dread lich
101770 | Zot:5    | Noticed an orb of fire
101796 | Zot:5    | Gained mutation: You are dopey. (Int -2) [an orb of fire]
101802 | Zot:5    | Killed an orb of fire
101917 | Zot:5    | Noticed an orb of fire
101929 | Zot:5    | Killed an orb of fire
102096 | Zot:5    | Noticed an ancient lich
102099 | Zot:5    | Killed an ancient lich
102597 | Zot:5    | Noticed a dread lich
102600 | Zot:5    | Killed a dread lich
103163 | Zot:5    | Noticed an orb of fire
103171 | Zot:5    | Killed an orb of fire
103483 | Zot:5    | Noticed an ancient lich
103487 | Zot:5    | Killed an ancient lich
103674 | Zot:5    | Reached skill level 25 in Earth Magic
104305 | Snake:2  | Bought a talisman of death for 1200 gold pieces
104308 | Snake:2  | Bought a book of Annihilations for 960 gold pieces
104614 | Zig:1    | Entered Level 1 of a ziggurat
104741 | Zig:2    | Entered Level 2 of a ziggurat
104782 | Zig:3    | Entered Level 3 of a ziggurat
104787 | Zig:3    | Reached skill level 1 in Air Magic
104788 | Zig:3    | Reached skill level 1 in Shapeshifting
104836 | Zig:4    | Entered Level 4 of a ziggurat
104868 | Zig:5    | Entered Level 5 of a ziggurat
104879 | Zig:5    | Noticed Dil Louv the pandemonium lord
104882 | Zig:5    | Killed Dil Louv the pandemonium lord
104933 | Zig:5    | Identified the +12 hand axe of Inem {chaos, rF+ rN+ Str-5
                  | Int+6}
104938 | Zig:6    | Entered Level 6 of a ziggurat
105054 | Zig:6    | Identified the ring of the Shrinking Gods {MP+9 Str+7}
105070 | Zig:7    | Entered Level 7 of a ziggurat
105171 | Zig:8    | Entered Level 8 of a ziggurat
105176 | Zig:8    | Identified a scroll of acquirement
105247 | Zig:8    | Acquired the ring "Kunig" {Wiz rC++ Str+3 Dex+2}
105252 | Zig:9    | Entered Level 9 of a ziggurat
105462 | Zig:9    | Identified the +6 battleaxe of Dyehay {spect, rC++ Dex-4}
105482 | Zig:9    | Identified the +9 long sword "Elecruef" {freeze, rC- rN+
                  | Will+ Int+2}
105752 | Zot:5    | Got the Orb of Zot
106033 | Depths:1 | Noticed Ororovu the pandemonium lord
106390 | D:$      | Escaped with the Orb!

Illustrated notes

Levels and vault maps discovered:
D:1:      orjb1_clovarrival, layout_loops_ring
D:2:      layout_basic, minmay_worlds_worst_comb
D:3:      minmay_spotlight, layout_loops_ring, nicolae_elyvilon_peaceful_grove,
          chei_slow_surprise, nemelex_diamond_rough_becter, uniq_terence
D:4:      layout_basic, mainiacjoe_overflow_tiny_flanked
D:5:      layout_basic, goddamned_bats, uniq_sigmund, uniq_prince_ribbit1
D:6:      layout_basic, trog_wizard, chequers_temple_overflow_minitemple,
          serial_shops, nicolae_shop_hallway_plus, minmay_divided_ellipse,
          uniq_crazy_yiuf_cottage
D:7:      layout_basic, minmay_temple_entry_water_ring, serial_shops,
          nicolae_shop_stone, serial_aquarium, aquarium_bridge_long_joined
          [aquarium_subvault_bridge, aquarium_subvault_window,
          aquarium_subvault_bridge, aquarium_subvault_wall,
          aquarium_subvault_window, aquarium_subvault_bridge],
          aquarium_window_corner, aquarium_window_2, aquarium_window_corner,
          aquarium_window_corridor_3, aquarium_view_2a, aquarium_pool_2
D:8:      layout_basic, tso_altar
D:9:      layout_rooms, lair_entry_dummy
D:10:     layout_cave_pods, mainiacjoe_overflow_24_doors,
          grunt_dithmenos_smoke_and_mirrors, xom_teletrap_fun
D:11:     layout_rooms, serial_shops, shop, uniq_nergalle
D:12:     layout_rooms, orc_0_dummy, serial_undead, serial_undead_c,
          serial_undead_a, serial_undead_c, serial_undead_b, serial_undead_a,
          uniq_fannar
D:13:     layout_gridville, minivault_15, minmay_guarded_unrand_zonguldrok,
          uniq_jorgrun, uniq_erolcha
D:14:     layout_stronghold, hellmonk_vaults_order_and_chaos, enter_trove_2,
          minivault_23, uniq_nessos
D:15:     hangedman_depths_entry_civil_slaughter, layout_small_grid,
          minmay_misc_feat_secret_circle
Temple:   hellmonk_temple_rainy
Lair:1:   layout_cave_shapes, st_stairs_5, patterned_corridor,
          grunt_megastairs_3
Lair:2:   layout_cave_pods, nicolae_snake_entry_warm_welcome,
          gammafunk_ghost_wrathful_warriors, chequers_serial_rivers_marsh,
          beast_lair_carwin_10
Lair:3:   layout_regular_city, elwin_shoals_entry_rooms,
          chequers_serial_rivers_room_a, evilmike_ambush
          [evilmike_ambush_outer_doors, evilmike_ambush_inner_cross],
          serial_bayou_shore_b
Lair:4:   layout_cave_pods, serial_bayou_ford_a
Lair:5:   minmay_lair_end_enchanted_forest, layout_cave_shapes,
          minmay_slime_entry_oklob_open
Shoals:1: layout_shoals, nicolae_shoals_lost_giant_hut
Shoals:2: layout_shoals, serial_shops, shop, nicolae_shop_behind_doors,
          nicolae_shop_tiny_waterfront, hangedman_shoal_volcano, uniq_frances,
          uniq_polyphemus
Shoals:3: layout_shoals, minmay_shop_enchanted_jewellery,
          nicolae_shoals_secluded_bog, uniq_ilsuiw
Shoals:4: shoals_end_grunt_ice, layout_shoals, nicolae_shop_unique_rings
Snake:1:  layout_misc_corridors, serial_library_hellmonk_junction,
          nicolae_snake_round_shape_thing
Snake:2:  kennysheep_snake, layout_concentric_octagons, basic_altar,
          grunt_megastairs_5, minmay_shop_grove, serial_bayou_shore_b
Snake:3:  layout_cave_town, serial_bayou_shore_a, uniq_donald
Snake:4:  grunt_snake_rune_spirals, layout_onion, basic_altar, uniq_aizul
Slime:1:  layout_caves
Slime:2:  layout_caves, special_room [special_room_jelly], nicolae_slime_barrier
Slime:3:  layout_caves
Slime:4:  layout_caves
Slime:5:  slime_pit_nicolae_block_by_block
Orc:1:    layout_caves, portal_ice_cave_demonic_guard, serial_shops, shop,
          regret_index_minedec_devilstone
Orc:2:    pf_orc_diabolical, layout_diamond_mine, biasface_ghost_orc_armoury,
          okawaru_metal_pillars_1_2
Elf:1:    nicolae_elf_arrival_no_cutting_in_line, layout_geoelf_grid,
          nicolae_elf_shapeshifter_party
Elf:2:    nicolae_elf_blades_crystal_corner, layout_rooms, serial_shops, shop
Elf:3:    minmay_elf_hall_four_x, layout_gridlike, minivault_25,
          small_chamber_with_monster, uniq_bai_suzhen
Vaults:1: v_misc_19, v_misc_18, nicolae_vaults_murderbox,
          nicolae_vaults_rhombus_5, nicolae_vaults_closet_pinwheel_5,
          nicolae_vaults_arrows, nicolae_vaults_tetromino_T_2, v_misc_26,
          v_misc_17, v_misc_3, vaults_room_semicircle, layout_vaults_omnigrid
Vaults:2: hangedman_vaults_stagger, hangedman_vaults_hat,
          nicolae_vaults_diamond_1, v_misc_5, dpeg_vaults_pockets_of_resistance,
          vaults_dpeg_encased_lava, nicolae_vaults_closet_pinwheel_3,
          nicolae_vaults_variable_pillar_hall_cross, v_misc_18, v_misc_22,
          nicolae_vaults_tetromino_Z_1, layout_vaults_big_cross, uniq_saint_roka
Vaults:3: minmay_crypt_entry_simple_corners,
          nicolae_vaults_door_testing_chamber,
          nicolae_vaults_doubleplus_tesselated, nicolae_vaults_little_squares_4,
          nicolae_vaults_offset_grid_hallway_3, nicolae_vaults_tetromino_L_2,
          hangedman_vaults_pinch, v_misc_19, v_misc_16,
          nicolae_vaults_quartermaster, nicolae_vaults_specimen_jars,
          vaults_mumra_minichess_inversion, nicolae_vaults_circle_grid_b,
          v_misc_11, dpeg_vaults_monster_box, layout_vaults_omnibox, uniq_jory,
          uniq_boris
Vaults:4: v_pattern_5, grunt_vaults_hallway_short,
          nicolae_vaults_taking_the_gang_shopping, hangedman_vaults_capsules,
          nicolae_vaults_shrinking_rooms_1, st_cross, v_misc_4,
          vaults_room_octagon, nicolae_vaults_more_shelving_2,
          nicolae_vaults_house_3, ontoclasm_vaults_bender,
          nicolae_vaults_double_plus_1, layout_vaults_maze
Vaults:5: uniq_frederick
Crypt:1:  gammafunk_the_bubble [the_bubble_gammafunk_crates],
          layout_chaotic_city, grunt_crypt_arrival_guarded_gate
Crypt:2:  ragdoll_tomb_raider, layout_catacombs, nicolae_crypt_ex-fountain
Crypt:3:  david_glass_crypt, layout_misc_corridors, basic_altar, minivault_4,
          roderic_lattice_octagonal_star
Depths:1: hangedman_six_sided_sadism, layout_small_grid, ziggurat_fallback,
          abyss_entry, hellmouth_1, dreamdust_wishing_well,
          ploomutoo_gammafunk_ghost_potion_laboratory, serial_bayou_shore_b,
          uniq_nikola
Depths:2: minmay_spiral_squares, layout_gridlike, rand_demon_pan_entry_4,
          hangedman_coc_ice_floe, infiniplex_staircase_pool_2
Depths:3: minmay_two_paths, layout_basic, abyss_entry_flame_altar,
          nicolae_uskayaw_murder_on_the_dancefloor, lightli_too_deep,
          grunt_megastairs_2, uniq_margery, uniq_xtahua
Depths:4: grunt_zot_entry_gee_three, layout_twisted_cross, dk_noncrumbling_3,
          serial_shops, bzr_entry_safe, pf_hell_entry_tar_spiral
Zot:1:    layout_gridlike, zot_minivault_5
Zot:2:    layout_concentric_octagons, uniq_josephina
Zot:3:    layout_misc_corridors, ebering_ghost_disaster_area,
          hellmonk_greenhouse_of_terror
Zot:4:    layout_misc_corridors, gammafunk_ghost_cemetery,
          regret_index_zotdec_storm_pass, uniq_parghit, uniq_grunn
Zot:5:    layout_misc_corridors

Skill      XL: |  1  2  3  4  5  6  7  8  9 10 11 12 13 14 15 16 17 18 19 20 21 22 23 24 25 26 27 |
---------------+----------------------------------------------------------------------------------+-----
Earth Magic    | 4 5 6 7 8 10 12 13 15 16 17 18 19 20 21 22 23 25 | 25.0
Conjurations   | 2 3 4 5 6 8 10 11 12 13 14 15 16 17 18 19 20 21 22 23 | 23.6
Spellcasting   | 3 4 5 6 7 8 9 10 12 13 14 15 16 17 18 19 20 21 | 21.5
Dodging        | 4 |  4.7
Armour         | 7 8 10 13 17 | 17.9
Fighting       | 5 8 10 11 13 14 15 16 17 18 19 20 21 23 | 23.2
Fire Magic     | 1 8 11 12 14 16 17 18 20 21 22 23 | 23.5
Air Magic      | 4 |  4.4
Shapeshifting  | 4 |  4.0
Stealth        | |  2.1

Action                     |  1- 3 |  4- 6 |  7- 9 | 10-12 | 13-15 | 16-18 | 19-21 | 22-24 | 25-27 || total
---------------------------+-------+-------+-------+-------+-------+-------+-------+-------+-------++-------
  Melee: Dagger            |     9 |    14 |       |     1 |       |       |       |       |       ||    24
         Staff             |       |       |       |     9 |    25 |       |     3 |    26 |     8 ||    71
         Spear             |       |       |       |       |       |     4 |    14 |       |       ||    18
         Unarmed           |       |       |       |       |       |       |     6 |       |       ||     6
   Cast: Sandblast         |    38 |    89 |   163 |   251 |   558 |   192 |    17 |       |       ||  1308
         Stone Arrow       |       |     4 |     2 |   121 |   341 |   417 |   533 |   287 |    72 ||  1777
         Lee's Rapid Decon |       |       |       |       |    82 |    24 |     8 |   164 |    72 ||   350
         Freezing Cloud    |       |       |       |       |    10 |   300 |   291 |   176 |    37 ||   814
         Lehudib's Crystal |       |       |       |       |       |    31 |   122 |   311 |   283 ||   747
         Arcjolt           |       |       |       |       |       |     2 |     4 |       |       ||     6
         Fireball          |       |       |       |       |       |     3 |       |     6 |     2 ||    11
         Plasma Beam       |       |       |       |       |       |       |    21 |    57 |       ||    78
         Ignition          |       |       |       |       |       |       |       |    12 |    15 ||    27
         Shatter           |       |       |       |       |       |       |       |    10 |    96 ||   106
         Fire Storm        |       |       |       |       |       |       |       |     7 |   303 ||   310
  Evoke: Wand              |       |       |       |       |       |       |       |       |     2 ||     2
    Use: Potion            |       |     1 |       |     5 |     3 |     2 |     6 |    10 |    12 ||    39
         Scroll            |       |       |       |     9 |     3 |     5 |    15 |    22 |    15 ||    69
   Stab: Sleeping          |       |     1 |       |       |       |       |       |       |       ||     1
         Distracted        |       |       |       |       |       |       |       |       |     1 ||     1
 Armour: Robe              |     9 |    48 |   109 |   291 |   931 |    15 |       |       |       ||  1403
         Acid dragon scale |       |       |       |       |    63 |   374 |   699 |   437 |   363 ||  1936
         Skin              |       |       |       |       |       |       |     5 |       |       ||     5
  Dodge: Dodged            |    13 |    52 |    78 |   224 |   666 |   172 |   261 |   193 |   118 ||  1777

Table legend: (Time is in decaauts)
 A = Elapsed time spent in this place.
 B = Non-inter-level travel time spent in this place.
 C = Inter-level travel time spent in this place.
 D = Time resting spent in this place.
 E = Time spent auto-exploring this place.
 F = Levels seen in this place.
 G = Mean time per level.
                   A        B        C        D        E       F      G
               +--------+--------+--------+--------+--------+-----+--------+
         Total | 107265 |  98484 |   8781 |  44496 |  26159 |  68 | 1577.4 |
       Dungeon |  20198 |  17389 |   2809 |   4139 |  10394 |  15 | 1346.5 |
        Temple |      1 |      1 |      0 |      0 |      0 |   1 |    1.0 |
          Lair |   9623 |   8292 |   1331 |   2528 |   3846 |   5 | 1924.6 |
        Shoals |   6911 |   6735 |    176 |   3245 |   1997 |   4 | 1727.8 |
     Snake Pit |  11752 |  11258 |    494 |   6938 |   1162 |   4 | 2938.0 |
    Slime Pits |   3100 |   2943 |    157 |    699 |   1214 |   5 |  620.0 |
  Orcish Mines |   2799 |   2639 |    160 |    896 |    858 |   2 | 1399.5 |
   Elven Halls |   9701 |   9513 |    188 |   6000 |    750 |   3 | 3233.7 |
        Vaults |  15697 |  14562 |   1135 |   7540 |   2451 |   5 | 3139.4 |
         Crypt |   6224 |   5824 |    400 |   2793 |    942 |   3 | 2074.7 |
        Depths |  10673 |   9315 |   1358 |   4526 |   1559 |   4 | 2668.2 |
           Zot |   8240 |   7670 |    570 |   3817 |    911 |   5 | 1648.0 |
      Ziggurat |    881 |    881 |      0 |    560 |      0 |   9 |   97.9 |
        Bazaar |    138 |    138 |      0 |     35 |     39 |   1 |  138.0 |
         Trove |     70 |     70 |      0 |      0 |      0 |   1 |   70.0 |
      Ice Cave |   1250 |   1250 |      0 |    779 |     35 |   1 | 1250.0 |
               +--------+--------+--------+--------+--------+-----+--------+

Top non-repeatable levels by time:
Depths:1: 4741 daAuts
Vaults:3: 4559 daAuts
 Snake:2: 4168 daAuts
 Snake:4: 3795 daAuts
   Elf:2: 3710 daAuts
   Elf:3: 3680 daAuts
   Zot:5: 3644 daAuts
Vaults:1: 3405 daAuts
Vaults:4: 3320 daAuts
Vaults:2: 3137 daAuts
  Lair:2: 2840 daAuts
Shoals:4: 2607 daAuts
  Lair:5: 2560 daAuts
    D:13: 2399 daAuts
 Crypt:3: 2319 daAuts
